 Dungeon Crawl Stone Soup version 0.31-a0-920-g28cbb04a8c (webtiles) character file.

Game seed: 14933481923882697905

6183 lessens the Blocker (level 10, -4/82 HPs)
             Began as a Gnoll Fighter on Oct 17, 2023.
             Was a Priest of Trog.
             Slain by a two-headed ogre
             ... wielding a +0 giant club
              (15 damage)
             ... on level 9 of the Dungeon.
             The game lasted 00:10:45 (9557 turns).

lessens the Blocker (Gnoll Fighter)                 Turns: 9557, Time: 00:10:45

Health: -4/82      AC: 10    Str: 23    XL:     10   Next: 91%
Magic:  25/25      EV: 11    Int:  8    God:    Trog [***...]
Gold:   209        SH: 16    Dex: 17    Spells: 20/20 levels left

rFire   . . .        E - +9 hand axe "Oleoscheg" {venom, rElec Str+3}
rCold   + . .        m - +0 tower shield
rNeg    . . .        b - +0 scale mail
rPois   .            (no helmet)
rElec   +            (no cloak)
rCorr   .            (no gloves)
SInv    .            S - +1 pair of boots
Will    .....        P
                       - Hermit's Pendant {Faith Invo=14 Evo=0 MP+5}
Stlth   ++           i - ring of protection from cold
HPRegen 0.33/turn    N - +6 ring of dexterity
MPRegen 0.19/turn

%: faith
@: no status effects
A: fangs 1, strong nose, distributed training
a: Renounce Religion, Berserk, Trog's Hand


You were on level 9 of the Dungeon.
You worshipped Trog.
Trog was most pleased with you.
You visited 2 branches of the dungeon, and saw 10 of its levels.

You collected 381 gold pieces.
You spent 172 gold pieces at shops.

Inventory:

Hand Weapons
 a - a +0 war axe
 k - a +3 spear of venom
 C - a +1 dire flail of venom
 E - the +9 hand axe "Oleoscheg" (weapon) {venom, rElec Str+3}
   (You found it on level 5 of the Dungeon)

   Str+3:     It affects your strength (+3).
   rElec:     It insulates you from electricity.
Missiles
 h - 84 stones
 s - 2 curare-tipped darts (quivered)
 A - 4 throwing nets
 B - 26 poisoned darts
 J - 2 boomerangs
Armour
 b - a +0 scale mail (worn)
 c - a +0 buckler
 m - a +0 tower shield (worn)
 M - a scarf of invisibility
 S - a +1 pair of boots (worn)
Jewellery
 i - a ring of protection from cold (left hand)
 D - a ring of see invisible
 F - a ring of ice
 N - a +6 ring of dexterity (right hand)
 P - the Hermit's Pendant (around neck) {Faith Invo=14 Evo=0 MP+5}
   (You found it on level 7 of the Dungeon)

   [amulet of faith]

   Invo=14: It sets your Invocations skill to 14.
   Evo=0: It sets your Evocations skill to 0.
   Faith:     It allows you to gain divine favour quickly.
   MP+5:      It affects your magic capacity (+5).
Wands
 y - a wand of acid (8)
 I - a wand of paralysis (10)
 R - a wand of flame (17)
Scrolls
 f - 4 scrolls of identify
 j - 4 scrolls of teleportation {unknown}
 l - a scroll of vulnerability {unknown}
 r - 2 scrolls of enchant armour {unknown}
 u - a scroll of noise {unknown}
 w - 2 scrolls of revelation {unknown}
 x - 2 scrolls of poison {unknown}
 K - 2 scrolls of immolation {unknown}
 L - a scroll of blinking
 O - 4 scrolls of amnesia {unknown}
 Q - a scroll of brand weapon {unknown}
Potions
 d - 3 potions of might
 e - 2 potions of heal wounds
 g - 2 potions of brilliance
 n - 2 potions of curing
 o - 2 potions of enlightenment
 p - 3 potions of lignification
 q - 3 potions of haste
 t - 3 potions of attraction
 v - a potion of ambrosia {unknown}
 z - a potion of invisibility {unknown}
 G - a potion of cancellation {unknown}
 H - a potion of resistance {unknown}
 T - a potion of degeneration {unknown}


   Skills:
 + Level 8.9 Fighting
 + Level 5.8 Short Blades
 + Level 5.8 Long Blades
 + Level 7.5 Axes
 + Level 5.8 Maces & Flails
 + Level 5.8 Polearms
 + Level 5.8 Staves
 + Level 5.8 Ranged Weapons
 + Level 5.8 Throwing
 + Level 8.9 Armour
 + Level 5.8 Dodging
 + Level 5.8 Stealth
 + Level 8.9 Shields
 + Level 5.8 Unarmed Combat
 + Level 5.8 Spellcasting
 + Level 4.8 Conjurations
 + Level 4.8 Hexes
 + Level 4.8 Summonings
 + Level 4.8 Necromancy
 + Level 4.8 Translocations
 + Level 4.8 Transmutations
 + Level 4.8 Fire Magic
 + Level 4.8 Ice Magic
 + Level 4.8 Air Magic
 + Level 4.8 Earth Magic
 + Level 4.8 Poison Magic
 + Level 6.4(14.0) Invocations
 + Level 5.8(0.0) Evocations
 + Level 5.3 Shapeshifting


You had 20 spell levels left.
You didn't know any spells.
Your spell library contained the following spells:

 Spells                   Type           Power      Damage    Failure   Level
 Summon Small Mammal      Summ           40%        N/A       30%         1
 Ensorcelled Hibernation  Hex/Ice        20%        N/A       41%         2
 Jinxbite                 Hex            20%        N/A       41%         2
 Call Canine Familiar     Summ           10%        N/A       65%         3
 Summon Guardian Golem    Hex/Summ       10%        N/A       65%         3
 Tukima's Dance           Hex            10%        N/A       65%         3
 Anguish                  Hex/Necr       5%         N/A       96%         4
 Passage of Golubria      Tloc           10%        N/A       96%         4
 Yara's Violent Unravell  Hex/Tmut       5%         3d4       100%        5


Dungeon Overview and Level Annotations

Branches:
Dungeon (9/15) Zot: 26882  Temple (1/1) D:5 Zot: 5983
   Lair: D:8-11         Orc: D:9-12

Altars:
Ashenzari
Cheibriados
Dithmenos
Elyvilon
Fedhas
Gozag
Hepliaklqana
Kikubaaqudgha
Makhleb
Nemelex Xobeh
Okawaru
Qazlal
Ru
Sif Muna
Trog
Uskayaw
Vehumet
Xom
Yredelemnul
Zin
The Shining One

Shops:
D:6 [?:

Annotations:
D:6 3 runed translucent doors, Spaninq's ghost, novice DESu; hgbash's ghost, novice TrSh


Innate Abilities, Weirdness & Mutations

You have very sharp teeth.
Your uncanny sense of smell can sniff out nearby items.
Your experience applies equally to all skills.


Message History

The two-headed ogre hits you with a +0 giant club!
The two-headed ogre hits you with a +0 giant club!!
You hit the two-headed ogre.
The two-headed ogre looks as sick as possible!
You bite the two-headed ogre, but do no damage.
The two-headed ogre is lightly wounded.
You hit the cyclops. You slash the two-headed ogre!
The two-headed ogre looks as sick as possible!
You bite the two-headed ogre.
The two-headed ogre is moderately wounded.
You slash the cyclops!
You kill the cyclops!
Trog accepts your kill.
The two-headed ogre hits you with a +0 giant club!
You block the two-headed ogre's attack.
Throw: 4 darts (curare)
Press: ? - help, Q - select action, (/) - cycle Shift-Dir - straight line, f - two-headed ogre
Aim: a two-headed ogre, wielding two +0 giant clubs (moderately wounded, extremely poisoned, 77% to hit)
You throw a curare-tipped dart.
The curare-tipped dart barely misses the two-headed ogre.
The two-headed ogre hits you with a +0 giant club!!
* * * LOW HITPOINT WARNING * * *
The two-headed ogre completely misses you.
Throw: 3 darts (curare)
Press: ? - help, Q - select action, (/) - cycle Shift-Dir - straight line, f/p - two-headed ogre
Aim: a two-headed ogre, wielding two +0 giant clubs (moderately wounded, extremely poisoned, 77% to hit)
You throw a curare-tipped dart.
The curare-tipped dart hits the two-headed ogre.
The two-headed ogre looks as sick as possible!
The two-headed ogre convulses.
The two-headed ogre seems to slow down.
The two-headed ogre is heavily wounded.
You hit the two-headed ogre.
The two-headed ogre looks as sick as possible!
Your bite misses the two-headed ogre.
The two-headed ogre is severely wounded.
You block the two-headed ogre's attack.
The two-headed ogre hits you with a +0 giant club!
You die...

#.. #..# #.. #..# #..#
#.. #..# #..# #..
.#####..#######..#####..
........................
.$...............>......
#..................###
#..................#
#.(.(@.............#
#...O..............#
#..................#
#..................#
#.................####
#................##...
................###..##
................#_..###
###########..##


You could see a two-headed ogre (extremely poisoned, slow).

Vanquished Creatures
  A two-headed ogre (D:8)
  Pikel (D:5)
  2 cyclopes
  Grinder (D:3)
  A wyvern (D:8)
  Edmund (D:5)
  2 water moccasins
  4 ice beasts
  2 black bears
  An orc warrior (D:8)
  2 sky beasts
  An ogre (D:4)
  A centaur (D:6)
  A phantom (D:3)
  2 lemures (D:5)
  3 kobold brigands
  5 bullfrogs
  A gnoll sergeant (D:7)
  6 scorpions
  3 wights (D:8)
  4 jellies
  5 killer bees (D:8)
  3 howler monkeys
  4 hounds
  6 orc priests
  A gnoll bouda (D:7)
  9 iguanas
  3 sleepcaps
  Natasha (D:2)
  4 orc wizards
  6 adders
  10 gnolls
  A shadow imp (D:7)
  2 ufetubi
  4 worms
  A dart slug (D:1)
  33 orcs
  9 endoplasms
  3 giant cockroaches (D:1)
  8 goblins
  6 hobgoblins
  4 jackals
  5 quokkas
  5 ball pythons
  2 bats
  3 frilled lizards (D:1)
  21 kobolds
  10 rats
214 creatures vanquished.

Notes
Turn   | Place    | Note
-------+----------+-------------------------------------------
     0 | D:1      | lessens the Gnoll Fighter began the quest for the Orb.
     0 | D:1      | Reached XP level 1. HP: 23/23 MP: 1/1
   177 | D:1      | Reached XP level 2. HP: 29/29 MP: 2/2
   627 | D:1      | Reached XP level 3. HP: 35/35 MP: 3/3
  1032 | D:2      | Reached skill level 1 in Invocations
  1074 | D:2      | Reached skill level 1 in Short Blades
  1074 | D:2      | Reached skill level 1 in Long Blades
  1074 | D:2      | Reached skill level 1 in Maces & Flails
  1074 | D:2      | Reached skill level 1 in Polearms
  1074 | D:2      | Reached skill level 1 in Staves
  1074 | D:2      | Reached skill level 1 in Ranged Weapons
  1074 | D:2      | Reached skill level 1 in Throwing
  1074 | D:2      | Reached skill level 1 in Dodging
  1074 | D:2      | Reached skill level 1 in Stealth
  1074 | D:2      | Reached skill level 1 in Unarmed Combat
  1074 | D:2      | Reached skill level 1 in Spellcasting
  1074 | D:2      | Reached skill level 1 in Evocations
  1131 | D:2      | Noticed Natasha
  1138 | D:2      | Killed Natasha
  1139 | D:2      | Reached skill level 1 in Shapeshifting
  1139 | D:2      | Reached XP level 4. HP: 41/41 MP: 5/5
  1175 | D:2      | Found a faded altar of an unknown god.
  1862 | D:3      | Reached skill level 1 in Conjurations
  1862 | D:3      | Reached skill level 1 in Hexes
  1862 | D:3      | Reached skill level 1 in Summonings
  1862 | D:3      | Reached skill level 1 in Necromancy
  1862 | D:3      | Reached skill level 1 in Translocations
  1862 | D:3      | Reached skill level 1 in Transmutations
  1862 | D:3      | Reached skill level 1 in Fire Magic
  1862 | D:3      | Reached skill level 1 in Ice Magic
  1862 | D:3      | Reached skill level 1 in Air Magic
  1862 | D:3      | Reached skill level 1 in Earth Magic
  1862 | D:3      | Reached skill level 1 in Poison Magic
  1871 | D:3      | Reached XP level 5. HP: 47/47 MP: 5/7
  2125 | D:3      | Noticed Grinder
  2130 | D:3      | Paralysed by Grinder for 2 turns
  2139 | D:3      | Killed Grinder
  2140 | D:3      | Reached skill level 5 in Axes
  2140 | D:3      | Reached XP level 6. HP: 35/53 MP: 7/9
  2504 | D:4      | Found a broken altar of Ashenzari.
  2657 | D:3      | Reached XP level 7. HP: 53/59 MP: 10/10
  3078 | D:4      | Identified the amulet of Kyrhos {Reflect rF- Dex+3 SH+5}
  3300 | D:5      | Entered Level 5 of the Dungeon
  3328 | D:5      | Noticed Pikel
  3376 | D:4      | Reached XP level 8. HP: 31/67 MP: 12/12
  3496 | D:5      | Noticed Edmund
  3506 | D:5      | Killed Edmund
  3804 | D:5      | Identified the +9 hand axe "Oleoscheg" {venom, rElec Str+3}
  3928 | D:5      | Killed Pikel
  3929 | D:5      | Reached XP level 9. HP: 59/73 MP: 14/14
  4241 | D:5      | Found a staircase to the Ecumenical Temple.
  4247 | Temple   | Entered the Ecumenical Temple
  4255 | Temple   | Became a worshipper of Trog the Wrathful
  4566 | D:6      | Found a runed translucent gate.
  4566 | D:6      | Found a runed translucent gate.
  4572 | D:6      | Found a runed translucent gate.
  4572 | D:6      | Noticed hgbash's ghost (novice TrSh)
  4572 | D:6      | Noticed Spaninq's ghost (novice DESu)
  4660 | D:6      | Found Wivipuxe's Book Shop.
  4936 | D:6      | Found a hazy altar of Hepliaklqana.
  5180 | D:6      | Found Neteoz's Magic Scroll Boutique.
  5188 | D:6      | Bought a scroll of identify for 30 gold pieces
  5188 | D:6      | Bought a scroll of identify for 30 gold pieces
  5188 | D:6      | Bought a scroll of blinking for 112 gold pieces
  5204 | D:6      | Found Tac Vual's Antique Armour Shop.
  5494 | D:6      | Reached skill level 5 in Invocations
  5953 | D:7      | Reached * piety under Trog
  6219 | D:7      | Found the Hermit's Pendant {Faith Invo=14 Evo=0 MP+5}
  6727 | D:7      | Reached XP level 10. HP: 62/80 MP: 20/20
  6815 | D:7      | Reached skill level 5 in Short Blades
  6815 | D:7      | Reached skill level 5 in Long Blades
  6815 | D:7      | Reached skill level 5 in Maces & Flails
  6815 | D:7      | Reached skill level 5 in Polearms
  6815 | D:7      | Reached skill level 5 in Staves
  6815 | D:7      | Reached skill level 5 in Ranged Weapons
  6815 | D:7      | Reached skill level 5 in Throwing
  6815 | D:7      | Reached skill level 5 in Dodging
  6815 | D:7      | Reached skill level 5 in Stealth
  6815 | D:7      | Reached skill level 5 in Unarmed Combat
  6815 | D:7      | Reached skill level 5 in Spellcasting
  6815 | D:7      | Reached skill level 5 in Evocations
  6831 | D:7      | Reached ** piety under Trog
  7379 | D:7      | Found a burning altar of Makhleb.
  7764 | D:8      | Reached *** piety under Trog
  8010 | D:8      | Noticed a cyclops
  8036 | D:8      | Killed a cyclops
  8037 | D:8      | Reached skill level 5 in Shapeshifting
  8333 | D:8      | Found a white marble altar of Elyvilon.
  8492 | D:8      | Found an ancient bone altar of Kikubaaqudgha.
  8493 | D:8      | Found a shadowy altar of Dithmenos.
  8852 | D:8      | Noticed a two-headed ogre
  8866 | D:8      | Killed a two-headed ogre
  9492 | D:9      | Found a basalt altar of Yredelemnul.
  9492 | D:9      | Found a faded altar of an unknown god.
  9499 | D:9      | Found a snail-covered altar of Cheibriados.
  9501 | D:9      | Found a sacrificial altar of Ru.
  9503 | D:9      | Found a stormy altar of Qazlal.
  9545 | D:9      | Noticed a cyclops
  9548 | D:9      | Noticed a two-headed ogre
  9554 | D:9      | Killed a cyclops
  9557 | D:9      | Slain by a two-headed ogre

Illustrated notes

Levels and vault maps discovered:
D:1:      minmay_arrival_cross, layout_loops_ring
D:2:      layout_loops_ring, hellmonk_ecumenical_altar_crossroads, uniq_natasha
D:3:      layout_loops_ring, chequers_serial_rivers_micro_a, uniq_grinder
D:4:      layout_cave_pools, cheibrodos_ashenzari_chains
D:5:      layout_rooms, minmay_temple_entry_wispy, grunt_decor_arrowhead,
          dk_noncrumbling_4, minmay_circle_x, uniq_edmund, uniq_pikel
D:6:      layout_basic, marbit_many_paths, gammafunk_ghost_cemetery,
          serial_shops, nicolae_shop_advertising_works
          [nicolae_subvault_shop_adworks], nicolae_shop_overgrown_old_shop,
          shop, minmay_increasing_density
D:7:      layout_basic, makhleb_blood_cavern_becter,
          minmay_fractal_squares_diagonal_5
D:8:      layout_loops_ring, elyvilon_altar_1, gammafunk_temple_overflow_pools,
          serial_co_window_serial, co_window_corner_a, co_window_corner_a,
          co_window_paths_a, co_window_paths_b, co_window_of_opportunity_a,
          co_window_paths_b, co_window_of_opportunity_a, co_window_broadway_b,
          co_window_of_opportunity_c, co_window_corner_b, co_window_broadway_a,
          co_window_of_opportunity_b, glass_columns_a, glass_columns_b,
          glass_columns_a, dreamdust_wishing_well
D:9:      layout_small_grid, chequers_temple_overflow_minitemple,
          mainiacjoe_overflow_alcove_1, hangedman_feature_mirror
Temple:   nicolae_temple_bog_church

Skill      XL: |  1  2  3  4  5  6  7  8  9 10 |
---------------+-------------------------------+-----
Invocations    | 1 2 3 4 5 6 |  6.4
Short Blades   | 1 2 3 4 5 |  5.8
Long Blades    | 1 2 3 4 5 |  5.8
Maces & Flails | 1 2 3 4 5 |  5.8
Polearms       | 1 2 3 4 5 |  5.8
Staves         | 1 2 3 4 5 |  5.8
Ranged Weapons | 1 2 3 4 5 |  5.8
Throwing       | 1 2 3 4 5 |  5.8
Dodging        | 1 2 3 4 5 |  5.8
Stealth        | 1 2 3 4 5 |  5.8
Unarmed Combat | 1 2 3 4 5 |  5.8
Spellcasting   | 1 2 3 4 5 |  5.8
Evocations     | 1 2 3 4 5 |  5.8
Shapeshifting  | 1 2 3 4 5 |  5.3
Conjurations   | 1 2 3 4 |  4.8
Hexes          | 1 2 3 4 |  4.8
Summonings     | 1 2 3 4 |  4.8
Necromancy     | 1 2 3 4 |  4.8
Translocations | 1 2 3 4 |  4.8
Transmutations | 1 2 3 4 |  4.8
Fire Magic     | 1 2 3 4 |  4.8
Ice Magic      | 1 2 3 4 |  4.8
Air Magic      | 1 2 3 4 |  4.8
Earth Magic    | 1 2 3 4 |  4.8
Poison Magic   | 1 2 3 4 |  4.8
Axes           | 5 6 7 |  7.5
Fighting       | 7 8 |  8.9
Armour         | 7 8 |  8.9
Shields        | 7 8 |  8.9

Action                     |  1- 3 |  4- 6 |  7- 9 | 10-12 || total
---------------------------+-------+-------+-------+-------++-------
  Melee: War axe           |    36 |       |    92 |    76 ||   204
         Bite              |     7 |     7 |    45 |    26 ||    85
         Dagger            |    13 |       |       |       ||    13
         Spear             |    37 |    99 |   128 |       ||   264
         Hand axe          |       |       |   112 |    86 ||   198
  Throw: Dart              |       |       |       |     4 ||     4
 Invoke: Berserk           |       |       |     1 |       ||     1
    Use: Scroll            |       |       |     7 |       ||     7
         Potion            |       |       |     1 |       ||     1
   Stab: Distracted        |       |       |     2 |       ||     2
         Sleeping          |       |       |       |     1 ||     1
 Armour: Scale mail        |    45 |    41 |   172 |    96 ||   354
  Dodge: Dodged            |    23 |    20 |    96 |    48 ||   187
  Block: Buckler           |    14 |       |       |       ||    14
         Tower shield      |    10 |    69 |   262 |   120 ||   461

Table legend: (Time is in decaauts)
 A = Elapsed time spent in this place.
 B = Non-inter-level travel time spent in this place.
 C = Inter-level travel time spent in this place.
 D = Time resting spent in this place.
 E = Time spent auto-exploring this place.
 F = Levels seen in this place.
 G = Mean time per level.
                   A        B        C        D        E       F      G
               +--------+--------+--------+--------+--------+-----+--------+
         Total |   9750 |   9344 |    406 |    313 |   7445 |  10 |  975.0 |
       Dungeon |   9733 |   9342 |    391 |    313 |   7445 |   9 | 1081.4 |
        Temple |     16 |      1 |     15 |      0 |      0 |   1 |   16.0 |
               +--------+--------+--------+--------+--------+-----+--------+

Top non-repeatable levels by time:
     D:8: 1974 daAuts
     D:7: 1629 daAuts
     D:6: 1370 daAuts
     D:4: 1100 daAuts
     D:5: 929 daAuts
     D:1: 906 daAuts
     D:3: 901 daAuts
     D:2: 806 daAuts
     D:9: 116 daAuts
  Temple: 16 daAuts

Levels and vault maps discovered:
D:1:      minmay_arrival_cross, layout_loops_ring
D:2:      layout_loops_ring, hellmonk_ecumenical_altar_crossroads, uniq_natasha
D:3:      layout_loops_ring, chequers_serial_rivers_micro_a, uniq_grinder
D:4:      layout_cave_pools, cheibrodos_ashenzari_chains
D:5:      layout_rooms, minmay_temple_entry_wispy, grunt_decor_arrowhead,
          dk_noncrumbling_4, minmay_circle_x, uniq_edmund, uniq_pikel
D:6:      layout_basic, marbit_many_paths, gammafunk_ghost_cemetery,
          serial_shops, nicolae_shop_advertising_works
          [nicolae_subvault_shop_adworks], nicolae_shop_overgrown_old_shop,
          shop, minmay_increasing_density
D:7:      layout_basic, makhleb_blood_cavern_becter,
          minmay_fractal_squares_diagonal_5
D:8:      layout_loops_ring, elyvilon_altar_1, gammafunk_temple_overflow_pools,
          serial_co_window_serial, co_window_corner_a, co_window_corner_a,
          co_window_paths_a, co_window_paths_b, co_window_of_opportunity_a,
          co_window_paths_b, co_window_of_opportunity_a, co_window_broadway_b,
          co_window_of_opportunity_c, co_window_corner_b, co_window_broadway_a,
          co_window_of_opportunity_b, glass_columns_a, glass_columns_b,
          glass_columns_a, dreamdust_wishing_well
D:9:      layout_small_grid, chequers_temple_overflow_minitemple,
          mainiacjoe_overflow_alcove_1, hangedman_feature_mirror
Temple:   nicolae_temple_bog_church
